cohdb
Replays
Latest Replays
All Replays
Popular Replays
Top Player Replays
Match Explorer
How It Works
Community
CoH3 Stats
Reddit
Sign in to upload your games and track your stats! →
Sign in with Steam
Match 41525430
Unlisted
Match 41525430
Overview
Messages
Build Orders
End
Construct Infanterie Kompanie
Selects Terror Battlegroup
Selects Machine Gun Camouflage
MG 42 Machine Gun Team
Grenadier Squad
Grenadier Squad
MG 42 Machine Gun Team
MG 42 Bunker
Construct Panzergrenadier Kompanie
251 Medium Carrier
Pak 40 Anti-tank Gun Team
Support Elements
Nebelwerfer 42 Rocket Launcher Team
Selects Defend the Fatherland
StuG III G Assault Gun
StuG III G Assault Gun
Panzergrenadier Squad
Panzergrenadier Squad
Nebelwerfer 42 Rocket Launcher Team
StuG III G Assault Gun
Panzergrenadier Squad
Panzergrenadier Squad
Tar1qq
ELITE-Shepard
abbodhadid1
✠ Eurocopter Tiger ✠
Jar
dmmsn
vonAJ
sharkfiN
0
0
Comments
sign in to comment!
No comments posted yet!